 Dungeon Crawl Stone Soup version 0.18-a0-888-gdb73dea (webtiles) character file.

8 dvd the Firebug (level 2, -1/20 HPs)
             Began as a Hill Orc Fire Elementalist on Dec 23, 2015.
             Slain by a goblin
             ... wielding a +0 club
              (3 damage)
             ... on level 1 of the Dungeon.
             The game lasted 00:02:08 (181 turns).

dvd the Firebug (Hill Orc Fire Elementalist)         Turns: 181, Time: 00:02:08

Health: -1/20      AC:  2    Str: 10    XL:     2   Next: 8%
Magic:  0/4        EV: 12    Int: 15    God:
Gold:   14         SH:  0    Dex: 11    Spells: 1 memorised, 3 levels left

rFire  . . .     SeeInvis .     a - +0 club
rCold  . . .     Gourm    .     d - +0 robe
rNeg   . . .     Faith    .     (no shield)
rPois  .         Spirit   .     (no helmet)
rElec  .         Dismiss  .     (no cloak)
rCorr  .         Reflect  .     (no gloves)
SustAt .         Harm     .     (no boots)
MR     .....                    (no amulet)
Stlth  ++........               (no ring)
                                (no ring)

@: not resistant to hostile enchantments, unstealthy
A: no striking features
a: no special abilities


You were on level 1 of the Dungeon.
You were not hungry.

You visited 1 branch of the dungeon, and saw 1 of its levels.

You collected 14 gold pieces.

Inventory:

Hand Weapons
 a - a +0 club (weapon)
Armour
 d - a +0 robe (worn)
Jewellery
 g - a cursed ring of loudness {unknown}
Potions
 f - a potion of might {unknown}
Books
 b - a book of Flames

   Spells                             Type                      Level
   a - Flame Tongue                   Conjuration/Fire             1
   b - Throw Flame                    Conjuration/Fire             2
   c - Conjure Flame                  Conjuration/Fire             3
   d - Inner Flame                    Hexes/Fire                   3
   e - Sticky Flame                   Conjuration/Fire             4
   f - Fireball                       Conjuration/Fire             5
Comestibles
 c - a bread ration


   Skills:
 + Level 1.8 Dodging
 + Level 1.5 Stealth
 + Level 1.6 Spellcasting
 + Level 1.0 Conjurations
 + Level 3.5 Fire Magic


You had 3 spell levels left.
You knew the following spells:

 Your Spells              Type           Power        Failure   Level  Hunger
a - Flame Tongue          Conj/Fire      #....        12%         1    ##.....


Dungeon Overview and Level Annotations

Branches:
Dungeon (1/15)

Altars:


Message History

You barely miss the rat.
The rat is severely wounded.
The rat closely misses you. The rat bites you.
You barely miss the rat.
The rat is severely wounded.
The rat bites you but does no damage.
You hit the rat.
You kill the rat!
Casting: Flame Tongue
Confirm with . or Enter, or press ? or * to list all spells.
Aiming: Flame Tongue
Press: ? - help, Shift-Dir - straight line, f - goblin
Aim: a goblin, wielding a club The flame tongue misses the goblin.
The goblin closely misses you.
You hit the goblin.
The goblin is severely wounded.
The goblin hits you with a club.
* * * LOW HITPOINT WARNING * * *
The goblin hits you with a club.
You die...

#######################.#
#.#.#
O#x#c#i#p#f#M#m#p#o#. #.#
#.#.#
####################. #.#
.. #####.##### #...##.#
## #.........# #.##...#
#.........# #.##.###
#.........# #....#
#.........#####....###
#.....(((..)g@.........
#.........#####.........
#.........# #....#.....
#.........# ######.....
#.......".# .....
########### ....


You could see a goblin.

Vanquished Creatures
  A giant cockroach (D:1)
  2 hobgoblins (D:1)
  A bat (D:1)
  2 goblins (D:1)
  2 kobolds (D:1)
  A rat (D:1)
9 creatures vanquished.

Notes
Turn   | Place    | Note
--------------------------------------------------------------
     0 | D:1      | dvd the Hill Orc Fire Elementalist began the quest for the Orb.
     0 | D:1      | Reached XP level 1. HP: 14/14 MP: 3/3
     2 | D:1      | Noticed a troll
     2 | D:1      | Noticed a minotaur
     4 | D:1      | Noticed a demigod
     4 | D:1      | Noticed a dwarf
     6 | D:1      | Noticed a vampire
     8 | D:1      | Noticed a gargoyle
     8 | D:1      | Noticed an ogre
    10 | D:1      | Noticed an octopode
    12 | D:1      | Noticed a ghoul
    12 | D:1      | Noticed a centaur
    14 | D:1      | Noticed a demonspawn
    14 | D:1      | Noticed a spriggan
    16 | D:1      | Noticed a tengu
    16 | D:1      | Noticed a human
    18 | D:1      | Noticed a felid
    18 | D:1      | Noticed a vine stalker
    20 | D:1      | Noticed a draconian
    22 | D:1      | Noticed a formicid
    22 | D:1      | Noticed a merfolk
    24 | D:1      | Noticed a naga
    26 | D:1      | Noticed an elf
   166 | D:1      | Reached XP level 2. HP: 14/20 MP: 1/4
   181 | D:1      | Slain by a goblin

Vault maps used:
D:1:      kb_arrival_jail, serial_bayou_ford_a

Action                   || total
-------------------------++-------
Melee: Unarmed           ||    16
       Club              ||    12
 Cast: Flame Tongue      ||    12
  Use: Potion            ||     1
 Stab: Sleeping          ||     1
